[Event "Titled Tuesday Blitz April 4 Early 2023"]
[White "Bettalli, Francesco"]
[Black "Bachmann, Axel"]
[WhiteFideId "2816453"]
[BlackFideId "3700488"]
[WhiteElo "2216"]
[BlackElo "2605"]
[Result "0-1"]
[Round "01"]
[TimeControl "180+2"]
[Date "2023.04.04"]
[WhiteClock "0:00:21"]
[BlackClock "0:00:03"]

1. d4 Nf6 2. Nc3 d5 3. Bf4 a6 4. e3 e6 5. a3 c5 6. Nf3 Nc6 7. Be2 Bd6 8. Ne5 Bxe5 9. Bxe5 Nxe5 10. dxe5 Nd7 11. f4 b5 12. O-O Bb7 13. Bf3 O-O 14. Ne2 f6 15. exf6 Qxf6 16. c3 Rad8 17. a4 Nb6 18. axb5 axb5 19. Ra7 Rf7 20. Qb3 Nc8 21. Ra5 Nd6 22. Rfa1 e5 23. Bxd5 Qg6 24. Bxf7+ Nxf7 25. Ng3 h5 26. Ra7 Bd5 27. Qd1 h4 28. Qh5 Qc2 29. Qe2 Qg6 30. Nf1 Nd6 31. fxe5 Nc4 32. e6 Qxe6 33. Rd1 Rf8 34. b3 Ne5 35. e4 Bxb3 36. Qxb5 Bxd1 37. Qb7 Qf6 38. Qd5+ Kh8 0-1


[Site "https://www.chess.com"]

[Event "Titled Tuesday Blitz April 4 Early 2023"]
[White "Kovalev, Vladislav"]
[Black "Wahedi, Ahmad Siar"]
[WhiteFideId "13504398"]
[BlackFideId "4651260"]
[WhiteElo "2555"]
[BlackElo "2251"]
[Result "1-0"]
[Round "01"]
[TimeControl "180+2"]
[Date "2023.04.04"]
[WhiteClock "0:00:06"]
[BlackClock "0:00:21"]

1. e4 e6 2. d4 d5 3. Nc3 Bb4 4. exd5 exd5 5. Bd3 Nf6 6. Ne2 h6 7. O-O O-O 8. a3 Ba5 9. Bf4 c6 10. Ng3 Bg4 11. Qd2 Nbd7 12. h3 Be6 13. Rae1 Re8 14. Re2 Nf8 15. Rfe1 Bd7 16. Rxe8 Nxe8 17. Nh5 Qh4 18. Re5 Bc7 19. Bg3 Qd8 20. Re1 Bxg3 21. Nxg3 Nd6 22. Qf4 Be6 23. Nh5 Ne8 24. Ne2 Qg5 25. Qf3 g6 26. Nhg3 Qf6 27. Nf4 Ng7 28. c3 Re8 29. Re3 Bd7 30. Kf1 Rxe3 31. Qxe3 Nfe6 32. Nge2 g5 33. Nxe6 Nxe6 34. Ke1 Nf8 35. Kd2 Kg7 36. Ng3 Kg8 37. Nh5 Qe6 38. f4 Qxe3+ 39. Kxe3 Bc8 40. g4 gxf4+ 41. Kxf4 Ne6+ 42. Ke5 Kf8 43. Kd6 Ke8 44. Bf5 Kd8 45. Nf6 Bd7 46. Nxd7 Nc7 47. Nc5 Ne8+ 48. Ke5 Ke7 49. Nxb7 f6+ 50. Kf4 Kf7 51. Na5 Nd6 52. Bd3 Nc4 53. Nxc4 1-0


[Site "https://www.chess.com"]

[Event "Titled Tuesday Blitz April 4 Early 2023"]
[White "Goltseva, Ekaterina"]
[Black "Yeletsky, Ivan"]
[WhiteFideId "24173770"]
[BlackFideId "24180327"]
[WhiteElo "2200"]
[BlackElo "2422"]
[Result "0-1"]
[Round "01"]
[TimeControl "180+2"]
[Date "2023.04.04"]
[WhiteClock "0:00:06"]
[BlackClock "0:00:27"]

1. d4 d5 2. c4 e5 3. dxe5 d4 4. a3 f6 5. e3 Nc6 6. exf6 Nxf6 7. Nf3 Bg4 8. Be2 dxe3 9. Bxe3 Qxd1+ 10. Bxd1 O-O-O 11. O-O Ne4 12. Nbd2 Nc5 13. b4 Nd3 14. Be2 Be7 15. Rfd1 Nb2 16. Rdb1 Na4 17. Re1 Bf6 18. Rac1 Bb2 19. b5 Bxc1 20. Rxc1 Na5 21. h3 Bh5 22. Ne4 Rhe8 23. Neg5 h6 24. g4 Bg6 25. Nh4 Bd3 26. Bxd3 Rxd3 27. Ngf3 Nc3 28. Kg2 Nxc4 29. Bd4 Ne2 30. Rxc4 Re4 31. Nf5 Kd7 32. Rc5 g6 33. Rd5+ Ke6 34. Rd8 gxf5 35. Re8+ Kd5 36. Rd8+ Kc4 37. Rc8 Nxd4 38. Rxc7+ Kxb5 39. Nxd4+ Rdxd4 40. Rxb7+ Ka6 41. Rh7 fxg4 42. Rxh6+ Kb5 43. h4 a5 0-1


[Site "https://www.chess.com"]

[Event "Titled Tuesday Blitz April 4 Early 2023"]
[White "Urazayev, Arystanbek"]
[Black "KorolDimitriy75"]
[WhiteFideId "13709810"]
[WhiteElo "2449"]
[BlackElo "2468"]
[Result "1-0"]
[Round "01"]
[TimeControl "180+2"]
[Date "2023.04.04"]
[WhiteClock "0:00:49"]
[BlackClock "0:00:02"]

1. d4 Nf6 2. c4 c5 3. d5 b5 4. cxb5 a6 5. bxa6 g6 6. Nc3 Bxa6 7. e4 Bxf1 8. Kxf1 d6 9. g3 Bg7 10. Kg2 O-O 11. Nf3 Nbd7 12. Qe2 Qb8 13. a4 Qb4 14. Ra3 Rfb8 15. Re1 Nb6 16. Qc2 Nc4 17. Ra2 Nd7 18. Nd2 Nde5 19. Nxc4 Nxc4 20. Re2 Qb3 21. Qxb3 Rxb3 22. Rc2 Rb4 23. Nd1 Nb6 24. a5 Nc4 25. b3 Ne5 26. f4 Nd7 27. Ne3 Rxe4 28. Nc4 Nf6 29. a6 Nxd5 30. a7 1-0


[Site "https://www.chess.com"]

[Event "Titled Tuesday Blitz April 4 Early 2023"]
[White "Dudzinski, Pawel"]
[Black "Maksimovic, Bojan"]
[WhiteFideId "1117890"]
[BlackFideId "14408120"]
[WhiteElo "2099"]
[BlackElo "2468"]
[Result "1/2-1/2"]
[Round "01"]
[TimeControl "180+2"]
[Date "2023.04.04"]
[WhiteClock "0:00:14"]
[BlackClock "0:00:08"]

1. e4 c5 2. c4 Nc6 3. Nc3 g6 4. g3 Bg7 5. Bg2 d6 6. Rb1 b6 7. a3 Bb7 8. b4 Qd7 9. Nge2 e6 10. O-O Nge7 11. d3 O-O 12. f4 Nd4 13. Kh1 f5 14. Bb2 d5 15. cxd5 exd5 16. e5 Nxe2 17. Nxe2 d4 18. Qb3+ Kh8 19. bxc5 Bxg2+ 20. Kxg2 bxc5 21. Bc1 Rfc8 22. Bd2 Nd5 23. Rfc1 Bf8 24. Qb5 Qxb5 25. Rxb5 Rcb8 26. Rcxc5 Bxc5 27. Rxc5 Rb2 28. Rxd5 Rxd2 29. Kf3 Rxd3+ 30. Kf2 Rc8 31. Rxd4 Rxa3 32. Rd2 a5 33. e6 Re8 34. Rd6 Ra4 35. Nd4 Kg7 36. Rd7+ Kh6 37. e7 Rxd4 38. Rxd4 Rxe7 39. Ra4 Ra7 40. Ke3 Kh5 41. h3 g5 42. fxg5 Kxg5 43. Kd4 Rd7+ 44. Ke5 Rd3 45. h4+ Kg6 46. g4 fxg4 47. Rxg4+ Kh5 48. Ra4 Re3+ 49. Kf4 Re7 50. Rxa5+ Kxh4 51. Kf3 Rf7+ 52. Kg2 Rf4 53. Ra3 h5 54. Rh3+ Kg5 55. Rg3+ Kh6 56. Kh3 Rf1 57. Ra3 Rh1+ 58. Kg2 Re1 59. Kh3 Re5 60. Rb3 Kg5 61. Rg3+ Kh6 62. Ra3 Rf5 63. Rb3 Rf6 64. Ra3 Rg6 65. Rb3 Rd6 66. Ra3 Kg5 67. Ra5+ Kf4 68. Rxh5 Rd1 69. Kg2 Rd2+ 70. Kf1 Kg4 71. Ra5 Rd1+ 72. Ke2 Rd8 73. Ra4+ Kg3 74. Ra5 Kf4 75. Ra4+ Ke5 76. Ra5+ Ke6 77. Ra6+ Ke7 78. Ra7+ Kf6 79. Ra6+ Ke5 80. Ra5+ Kd4 81. Ra4+ Kc3 82. Ra3+ Kc4 83. Ra4+ Kc5 84. Re4 Kd5 85. Re3 Rh8 86. Rf3 Kd4 87. Rf4+ Ke5 88. Ra4 Rh3 89. Kf2 Rb3 90. Ke2 Kd5 91. Kd2 Kc5 92. Rh4 Rb2+ 93. Kc3 Rg2 94. Rh5+ Kd6 95. Kd4 Rg4+ 96. Ke3 Ke6 97. Kf3 Ra4 98. Rg5 Kf6 99. Rb5 Rc4 100. Ke3 Rc6 101. Kf4 Re6 102. Rf5+ Kg6 103. Re5 Rf6+ 104. Kg4 Rf1 105. Rg5+ Kf6 106. Ra5 Rd1 107. Kf4 Rd4+ 108. Ke3 Rd6 109. Ra4 Ke5 110. Ra5+ Ke6 111. Ke4 Kd7 112. Rd5 Kc7 113. Rxd6 Kxd6 1/2-1/2


[Site "https://www.chess.com"]

[Event "Titled Tuesday Blitz April 4 Early 2023"]
[White "Stribuk, Artiom"]
[Black "Santos Flores, Alberto"]
[WhiteFideId "13515659"]
[BlackFideId "3601234"]
[WhiteElo "2303"]
[BlackElo "2235"]
[Result "1-0"]
[Round "01"]
[TimeControl "180+2"]
[Date "2023.04.04"]
[WhiteClock "0:00:18"]
[BlackClock "0:00:15"]

1. d4 d5 2. c4 c6 3. Nf3 Nf6 4. g3 Bf5 5. Nc3 e6 6. Qb3 Qb6 7. c5 Qxb3 8. axb3 Nbd7 9. b4 Ne4 10. e3 Nxc3 11. bxc3 Be4 12. Be2 Be7 13. O-O Bxf3 14. Bxf3 O-O 15. Be2 a6 16. f4 f6 17. Bg4 f5 18. Be2 Nf6 19. Bd3 Ne4 20. Bxe4 fxe4 21. Kg2 g5 22. Bd2 gxf4 23. gxf4 Kf7 24. Rg1 Rg8+ 25. Kh3 Rg6 26. Rg3 Rag8 27. Rag1 Rh6+ 28. Kg2 Rhg6 29. Kh3 Rh6+ 30. Kg2 Bh4 31. Rxg8 Kxg8 32. Kh1+ Rg6 33. Rc1 Kf7 34. Be1 Be7 35. c4 Rg8 36. cxd5 exd5 37. Bf2 Ke6 38. h3 Kf5 39. Kh2 Bf6 40. Ra1 Be7 41. Ra2 Ra8 42. Ra5 Bd8 43. Ra1 a5 44. Ra4 Ra6 45. Be1 axb4 46. Rxb4 Ra2+ 47. Kg3 Ba5 48. Rb1 Bxe1+ 49. Rxe1 Rb2 50. Kh4 Rb3 51. Kh5 Rb2 52. h4 Rb3 53. Kh6 Kg4 54. h5 Rb2 55. Rg1+ Kf3 56. f5 Kxe3 57. Rf1 Ke2 58. Rf4 Ke3 59. f6 Kxf4 60. f7 Ke3 61. f8=Q Kd3 62. Qf1+ Kd2 63. Qf2+ Kc3 64. Qe3+ Kc2 65. Kxh7 Rb3 66. Qe2+ Kc3 67. h6 Kxd4 68. Kg7 Re3 69. Kf6 Rd3 70. Qf2+ e3 71. Qf4+ Kc3 72. h7 e2 73. Qc1+ Kd4 74. Qe1 Rh3 75. Kg7 Ke3 76. h8=Q Rxh8 77. Kxh8 d4 78. Kg7 d3 79. Qc3 Kf2 80. Qd2 Kf1 81. Qxd3 Kf2 82. Qd2 Kf1 83. Qf4+ Kg2 84. Qe3 Kf1 85. Qf3+ Ke1 86. Kf6 Kd2 87. Qf4+ Kd3 88. Qc1 Kd4 89. Kf5 Kd3 90. Kf4 1-0


[Site "https://www.chess.com"]

[Event "Titled Tuesday Blitz April 4 Early 2023"]
[White "Przybylski, Wojciech"]
[Black "Molina, Roberto Junio Brito"]
[WhiteFideId "1117599"]
[BlackFideId "2109450"]
[WhiteElo "2222"]
[BlackElo "2376"]
[Result "0-1"]
[Round "01"]
[TimeControl "180+2"]
[Date "2023.04.04"]
[WhiteClock "0:00:01"]
[BlackClock "0:00:12"]

1. e4 c6 2. Nc3 d5 3. Nf3 dxe4 4. Nxe4 Bg4 5. h3 Bxf3 6. Qxf3 Nd7 7. Qe3 Ndf6 8. b3 Nxe4 9. Qxe4 Nf6 10. Qf3 Qd5 11. Be2 e6 12. Bb2 Qxf3 13. Bxf3 Be7 14. O-O-O O-O-O 15. Rhe1 Rd7 16. a3 Rhd8 17. g3 g6 18. h4 h5 19. d4 Ne8 20. c4 Nc7 21. Kc2 a6 22. Re3 Bf6 23. Red3 Bh8 24. a4 Ne8 25. d5 Bxb2 26. Kxb2 cxd5 27. cxd5 e5 28. Bg2 Kc7 29. f4 exf4 30. gxf4 Kd6 31. f5 Nf6 32. fxg6 fxg6 33. Re3 Kc7 34. Re6 Rd6 35. Rc1+ Kb8 36. Rxd6 Rxd6 37. Re1 Kc7 38. Re7+ Rd7 39. Re6 Nxd5 40. Rxg6 Nf4 41. Rg5 Rd2+ 42. Kc3 Rxg2 43. Rf5 Rg4 44. a5 Rxh4 45. b4 Rg4 46. Kc4 h4 47. Rf7+ Kb8 48. Kc5 Ne6+ 49. Kd6 Nd4 50. Rf8+ Ka7 51. Rh8 Nc2 52. b5 axb5 53. Kc5 b4 54. Kb5 b3 55. Rh7 b2 56. Kc5 b1=R 0-1


[Site "https://www.chess.com"]

[Event "Titled Tuesday Blitz April 4 Early 2023"]
[White "Pichot, Alan"]
[Black "WindWhistler11"]
[WhiteFideId "110973"]
[WhiteElo "2573"]
[BlackElo "2462"]
[Result "1-0"]
[Round "01"]
[TimeControl "180+2"]
[Date "2023.04.04"]
[WhiteClock "0:01:48"]
[BlackClock "0:00:23"]

1. e4 e6 2. d4 d5 3. Nd2 Nf6 4. e5 Nfd7 5. Bd3 c5 6. c3 Nc6 7. Ne2 Be7 8. O-O b6 9. Nf3 Bb7 10. a3 Qc7 11. b4 c4 12. Bc2 a5 13. b5 Nd8 14. a4 Nf8 15. Ng3 g6 16. Bh6 Rg8 17. Ng5 Rh8 18. Qf3 Bxg5 19. Bxg5 h6 20. Bf6 Rg8 21. Qe3 h5 22. f4 Nh7 23. Nxh5 Bc8 24. Qg3 1-0


[Site "https://www.chess.com"]

[Event "Titled Tuesday Blitz April 4 Early 2023"]
[White "Fieberg, Samuel"]
[Black "Pap, Gyula"]
[WhiteFideId "12901717"]
[BlackFideId "725323"]
[WhiteElo "2459"]
[BlackElo "2519"]
[Result "0-1"]
[Round "01"]
[TimeControl "180+2"]
[Date "2023.04.04"]
[WhiteClock "0:00:15"]
[BlackClock "0:00:37"]

1. e4 e5 2. Nf3 Nc6 3. Bc4 Nf6 4. d3 Be7 5. O-O O-O 6. c3 d5 7. exd5 Nxd5 8. h3 Bf5 9. Re1 Nb6 10. Bb5 f6 11. Bxc6 bxc6 12. d4 Bd6 13. dxe5 fxe5 14. Nbd2 Kh8 15. Ne4 Qe7 16. Bg5 Qe6 17. Nxd6 cxd6 18. Nd4 Qg6 19. Nxf5 Rxf5 20. Be3 Nc4 21. b3 Nxe3 22. Rxe3 Rg5 23. Qf3 d5 24. g3 e4 25. Qf4 Rf5 26. Qc7 Raf8 27. Rf1 R5f7 28. Qe5 h6 29. Kg2 Rf3 30. Rxf3 Rxf3 31. c4 Rd3 32. cxd5 cxd5 33. Qb8+ Kh7 34. Qxa7 Qf6 35. Qc5 Qf3+ 36. Kg1 e3 37. Qc2 exf2+ 38. Qxf2 Qxg3+ 39. Qxg3 Rxg3+ 40. Kh2 Rd3 41. Rf2 g5 42. Kg2 Kg6 43. Rc2 h5 44. Rb2 d4 45. b4 Rc3 46. b5 d3 47. Rb1 d2 48. Rd1 Rc2 49. b6 Rxa2 50. b7 Rb2 51. Kf2 Kf5 52. Ke3 Rb3+ 53. Ke2 Rxb7 54. Rxd2 Rb3 55. Rd5+ Kg6 56. h4 g4 57. Rg5+ Kh6 58. Kf2 Rh3 59. Kg2 Rxh4 60. Rg8 Rh3 61. Rh8+ Kg5 62. Ra8 Kh4 63. Ra5 Rb3 64. Ra4 Rb2+ 65. Kf1 Kh3 66. Kg1 g3 67. Kf1 g2+ 0-1


[Site "https://www.chess.com"]

[Event "Titled Tuesday Blitz April 4 Early 2023"]
[White "Costachi, Mihnea"]
[Black "Jumanov, Elbek"]
[WhiteFideId "1217518"]
[BlackFideId "14202905"]
[WhiteElo "2456"]
[BlackElo "2055"]
[Result "1-0"]
[Round "01"]
[TimeControl "180+2"]
[Date "2023.04.04"]
[WhiteClock "0:01:25"]
[BlackClock "0:01:07"]

1. Nc3 c5 2. Nf3 e6 3. g3 Nc6 4. Bg2 Nf6 5. O-O Be7 6. d3 O-O 7. e4 d5 8. Qe2 dxe4 9. Nxe4 Qc7 10. Bg5 Nd5 11. Bxe7 Ncxe7 12. d4 cxd4 13. Nxd4 b6 14. c4 Ba6 15. Rac1 Rac8 16. cxd5 Bxe2 17. Rxc7 Bxf1 18. Rxe7 Bxg2 19. Kxg2 exd5 20. Nd6 Rc1 21. Rxa7 Rd1 22. N6b5 g6 23. Rb7 Rc8 24. Rxb6 Rcc1 25. a4 g5 26. Nf5 h5 27. h3 g4 28. hxg4 hxg4 29. Nh6+ Kg7 30. Nxg4 Rc2 31. Ne3 1-0


[Site "https://www.chess.com"]

[Event "Titled Tuesday Blitz April 4 Early 2023"]
[White "Khandelwal, Ankush"]
[Black "Mammadov, Zaur"]
[WhiteFideId "413470"]
[BlackFideId "13401033"]
[WhiteElo "2263"]
[BlackElo "2441"]
[Result "0-1"]
[Round "01"]
[TimeControl "180+2"]
[Date "2023.04.04"]
[WhiteClock "0:00:16"]
[BlackClock "0:01:25"]

1. e4 e6 2. d4 d5 3. Nc3 Nf6 4. e5 Nfd7 5. f4 c5 6. Nf3 Nc6 7. Be3 Qb6 8. Na4 Qa5+ 9. c3 b6 10. Bd2 c4 11. b4 Nxb4 12. cxb4 Bxb4 13. Qc2 Bxd2+ 14. Nxd2 b5 15. Nc3 O-O 16. Rb1 b4 17. Qa4 Qxa4 18. Nxa4 a5 19. a3 Rb8 20. Be2 Ba6 21. axb4 axb4 22. Kf2 f6 23. Nf3 fxe5 24. fxe5 h6 25. h4 Rf4 26. g3 Rf7 27. Ke3 Kf8 28. Rhf1 Ke7 29. h5 b3 30. Nh4 Rxf1 31. Ng6+ Ke8 32. Rxf1 Rb4 33. Nc3 b2 34. Kd2 Nb8 35. Rf8+ Kd7 36. Rf7+ Kd8 37. Rf8+ Kc7 38. Rf7+ Kb6 39. Re7 Bc8 40. Nf8 Rb3 41. Nxe6 Rxc3 0-1


[Site "https://www.chess.com"]

[Event "Titled Tuesday Blitz April 4 Early 2023"]
[White "Timofeev, Artyom"]
[Black "Andreev, Konstantin"]
[WhiteFideId "4140419"]
[BlackFideId "24239305"]
[WhiteElo "2586"]
[BlackElo "2106"]
[Result "1-0"]
[Round "01"]
[TimeControl "180+2"]
[Date "2023.04.04"]
[WhiteClock "0:01:27"]
[BlackClock "0:00:03"]

1. c4 Nf6 2. Nc3 e5 3. Nf3 Nc6 4. d3 d5 5. cxd5 Nxd5 6. e3 Be6 7. Be2 Be7 8. O-O O-O 9. a3 a5 10. Qc2 f6 11. b3 Qd7 12. Bb2 Rad8 13. Rfd1 f5 14. Na4 Qd6 15. Rac1 Bf6 16. Nc5 Bc8 17. g3 b6 18. Ne4 fxe4 19. dxe4 Nce7 20. exd5 e4 21. Nd4 Nxd5 22. Nc6 Bxb2 23. Qxb2 Bb7 24. Rxd5 Qg6 25. Rxd8 1-0


[Site "https://www.chess.com"]

[Event "Titled Tuesday Blitz April 4 Early 2023"]
[White "Manukyan, Artyom"]
[Black "Kadric, Denis"]
[WhiteFideId "13305786"]
[BlackFideId "14403803"]
[WhiteElo "2078"]
[BlackElo "2612"]
[Result "0-1"]
[Round "01"]
[TimeControl "180+2"]
[Date "2023.04.04"]
[WhiteClock "0:00:07"]
[BlackClock "0:00:08"]

1. e4 d6 2. d4 Nf6 3. Nc3 Nbd7 4. f4 e5 5. Nf3 exd4 6. Qxd4 c6 7. Bd2 d5 8. exd5 Bc5 9. Qd3 O-O 10. O-O-O Qc7 11. h3 cxd5 12. g4 Nb6 13. g5 Ne4 14. Nxe4 dxe4 15. Qxe4 Be6 16. Bd3 g6 17. Bc3 Bd5 18. Qe5 Qxe5 19. Nxe5 Bxh1 20. Rxh1 Be3+ 21. Kb1 Nd5 22. Nd7 Nxc3+ 23. bxc3 Rfd8 24. Nf6+ Kg7 25. Rf1 Rac8 26. c4 Rd4 27. Nd5 Bd2 28. Rf2 Ba5 29. f5 Bd8 30. f6+ Kf8 31. Re2 Rc6 32. Kb2 Re6 33. Kc3 Rxe2 34. Bxe2 Re4 35. Bf3 Re1 36. h4 b6 37. Kd2 Ra1 38. Nc3 Bc7 39. a4 Rg1 40. Ke2 Bg3 41. h5 Bh4 42. Ne4 Ra1 43. hxg6 hxg6 44. Kd3 Rxa4 45. Kd4 Ra1 46. c3 a5 47. Kd5 a4 48. c5 bxc5 49. Nxc5 Bxg5 50. Nd7+ Kg8 51. Kc4 Rf1 52. Bd5 Bxf6 53. Kb4 Be7+ 54. Kxa4 Rf4+ 55. Kb5 g5 56. c4 g4 57. Ne5 g3 58. c5 Bxc5 59. Kxc5 Rf5 60. Nf3 g2 61. Ng1 Rf1 62. Bxg2 Rxg1 63. Bd5 Rg5 64. Kd4 Kg7 65. Be4 Kf6 66. Bf3 Ra5 67. Ke4 Ra4+ 68. Ke3 Ke5 69. Kf2 Ra3 70. Kg3 f5 0-1


[Site "https://www.chess.com"]

[Event "Titled Tuesday Blitz April 4 Early 2023"]
[White "Pranav Anand"]
[Black "Namitbir Singh Walia"]
[WhiteFideId "46626786"]
[BlackFideId "35071068"]
[WhiteElo "2389"]
[BlackElo "2239"]
[Result "1-0"]
[Round "01"]
[TimeControl "180+2"]
[Date "2023.04.04"]
[WhiteClock "0:01:29"]
[BlackClock "0:00:22"]

1. d4 Nf6 2. c4 c5 3. d5 e6 4. Nc3 exd5 5. cxd5 d6 6. Nf3 g6 7. g3 Bg7 8. Bg2 O-O 9. O-O Re8 10. Bf4 Ne4 11. Rc1 Nxc3 12. bxc3 b5 13. h4 Qe7 14. Re1 Nd7 15. Nd2 Ne5 16. Bg5 Qc7 17. Ne4 Nd7 18. h5 f5 19. Nd2 Ne5 20. h6 Bh8 21. Nf3 Nxf3+ 22. Bxf3 Bb7 23. Qd2 a6 24. e4 fxe4 25. Bxe4 Qf7 26. Bg2 Bf6 27. Bf4 Qd7 28. Kh2 Kh8 29. Bh3 Qc7 30. Be6 Qe7 31. Re2 Qf8 32. Rce1 Rad8 33. Bg5 Re7 34. Qf4 Bxg5 35. Qxg5 Rde8 36. f4 Bc8 37. g4 Bxe6 38. dxe6 Qg8 39. Qf6+ 1-0


[Site "https://www.chess.com"]

[Event "Titled Tuesday Blitz April 4 Early 2023"]
[White "Petrova, Irina"]
[Black "Pakleza, Zbigniew"]
[WhiteFideId "14124122"]
[BlackFideId "1119290"]
[WhiteElo "2084"]
[BlackElo "2410"]
[Result "0-1"]
[Round "01"]
[TimeControl "180+2"]
[Date "2023.04.04"]
[WhiteClock "0:00:06"]
[BlackClock "0:00:25"]

1. e4 d6 2. d4 Nf6 3. Nc3 c6 4. Nf3 Bg4 5. h3 Bh5 6. Bd3 e6 7. O-O d5 8. e5 Nfd7 9. Be2 c5 10. Nb5 cxd4 11. Nbxd4 Nc6 12. Bf4 Qb6 13. Nxc6 bxc6 14. b3 Bc5 15. c4 O-O 16. Rc1 Rfc8 17. g4 Bg6 18. Nh4 Bd4 19. Nxg6 hxg6 20. Qd3 Nxe5 21. Bxe5 Bxe5 22. c5 Qa5 23. f4 Bf6 24. f5 gxf5 25. gxf5 e5 26. Rc2 e4 27. Qg3 d4 28. Bh5 d3 29. Rg2 Qxc5+ 30. Kh1 e3 31. Bxf7+ Kxf7 32. Qg6+ Ke7 33. Qh7 Kd6 34. Qh5 Kc7 35. Qg4 e2 36. Re1 Kb7 37. Qf4 Rd8 38. Qd2 Bc3 0-1


[Site "https://www.chess.com"]

[Event "Titled Tuesday Blitz April 4 Early 2023"]
[White "Real_OceanStorm"]
[Black "Bochnicka, Vladimir"]
[BlackFideId "14943450"]
[WhiteElo "2802"]
[BlackElo "2094"]
[Result "1-0"]
[Round "01"]
[TimeControl "180+2"]
[Date "2023.04.04"]
[WhiteClock "0:01:58"]
[BlackClock "0:01:37"]

1. e4 c5 2. c3 Nf6 3. e5 Nd5 4. d4 cxd4 5. cxd4 Nc6 6. Nf3 e6 7. Nc3 d6 8. Bb5 Bd7 9. Nxd5 exd5 10. O-O dxe5 11. dxe5 Be6 12. Nd4 Rc8 13. f4 Bc5 14. Be3 Qb6 15. f5 Bd7 16. e6 fxe6 17. fxe6 Bxe6 18. Nxe6 Bxe3+ 19. Kh1 d4 20. Qh5+ g6 21. Qe5 Ke7 22. Bxc6 Rxc6 1-0


[Site "https://www.chess.com"]

[Event "Titled Tuesday Blitz April 4 Early 2023"]
[White "Deng, Henry"]
[Black "Zemlyanskii, Ivan"]
[WhiteFideId "30965454"]
[BlackFideId "24249971"]
[WhiteElo "2445"]
[BlackElo "2419"]
[Result "1-0"]
[Round "01"]
[TimeControl "180+2"]
[Date "2023.04.04"]
[WhiteClock "0:00:08"]
[BlackClock "0:00:03"]

1. e4 Nc6 2. Nf3 d5 3. exd5 Qxd5 4. Nc3 Qd6 5. d4 Nf6 6. h3 Bf5 7. Be3 e6 8. Bd3 Bxd3 9. Qxd3 Be7 10. O-O O-O 11. Nb5 Qd7 12. c4 Rfd8 13. Rad1 a6 14. Nc3 h6 15. Qb1 Qe8 16. Rfe1 Na5 17. Ne5 b5 18. b3 Bb4 19. Qc2 bxc4 20. bxc4 Nc6 21. Rb1 a5 22. Nb5 Rdc8 23. Red1 Nxe5 24. dxe5 Nd7 25. c5 Nxe5 26. Qe2 Qc6 27. a3 Rcb8 28. Nd4 Qxc5 29. axb4 axb4 30. Nxe6 Qe7 31. Nc5 Ra5 32. Nb3 Ra3 33. Bc5 Qf6 34. Bd4 Re8 35. Qb2 Qf5 36. Re1 f6 37. Bxe5 Rxe5 38. Rxe5 fxe5 39. Nd2 Qd3 40. Qxb4 Rc3 41. Nf1 Rc2 42. Re1 Qf5 43. Qb3+ Kh7 44. Qg3 Rc4 45. Rxe5 Qf6 46. Re3 Rf4 47. Nd2 c5 48. Kh2 Rf5 49. Ne4 Qd4 50. Nd6 Rf6 51. Ne8 Rf7 52. Nd6 Rf6 53. Ne4 Rf5 54. Qg4 Re5 55. Qf3 Qd5 56. Qf4 c4 57. f3 Qe6 58. Rc3 Rf5 59. Qe3 Qe5+ 60. Ng3 Rf7 61. Qxe5 1-0


[Site "https://www.chess.com"]

[Event "Titled Tuesday Blitz April 4 Early 2023"]
[White "Albornoz Cabrera, Carlos Daniel"]
[Black "Yeritsyan, Hayk"]
[WhiteFideId "3518736"]
[BlackFideId "13307320"]
[WhiteElo "2516"]
[BlackElo "2443"]
[Result "1-0"]
[Round "01"]
[TimeControl "180+2"]
[Date "2023.04.04"]
[WhiteClock "0:00:49"]
[BlackClock "0:00:09"]

1. e4 c6 2. Nf3 d5 3. Nc3 Bg4 4. h3 Bxf3 5. Qxf3 e6 6. Be2 Nf6 7. O-O dxe4 8. Nxe4 Nxe4 9. Qxe4 Qd5 10. Qg4 Nd7 11. c3 Nf6 12. Qa4 Qe4 13. Qd1 Bd6 14. d4 O-O 15. Bd3 Qd5 16. Qe2 Be7 17. Bf4 Qd7 18. Be5 Rfe8 19. Rad1 Rad8 20. Bb1 Nd5 21. Rd3 Bf6 22. Rfd1 Qe7 23. Qe4 g6 24. g3 Bg7 25. Bxg7 Kxg7 26. h4 h5 27. Kg2 Qf6 28. Rf3 Qe7 29. Qe5+ Kg8 30. Re1 Qd6 31. Qg5 Qe7 32. Qh6 Qf8 33. Qg5 Qe7 34. Qc1 Qd6 35. a3 e5 36. dxe5 Rxe5 37. Rd1 Qe7 38. c4 Nc7 39. Rxd8+ Qxd8 40. Qc3 Qe7 41. b4 Ne8 42. c5 Nc7 43. Ba2 Nd5 44. Qd3 a6 45. Qd4 Re4 46. Qd3 Re5 47. Bc4 Kg7 48. Qd4 Kg8 49. Bd3 Qe6 50. a4 Kh7 51. b5 axb5 52. axb5 Kg8 53. Bc4 Qe7 54. Bd3 Qe6 55. b6 Qe7 56. Bc4 Nf6 57. Qd6 Qxd6 58. cxd6 Kg7 59. d7 Nxd7 60. Rxf7+ Kh6 61. Rxd7 1-0


[Site "https://www.chess.com"]

[Event "Titled Tuesday Blitz April 4 Early 2023"]
[White "Becerra, Juan David"]
[Black "Mahdavi, Reza"]
[WhiteFideId "4404998"]
[BlackFideId "12595926"]
[WhiteElo "2276"]
[BlackElo "2357"]
[Result "0-1"]
[Round "01"]
[TimeControl "180+2"]
[Date "2023.04.04"]
[WhiteClock "0:01:05"]
[BlackClock "0:02:02"]

1. e4 c5 2. Nf3 e6 3. d4 cxd4 4. Nxd4 Nc6 5. Nxc6 bxc6 6. Bd3 d5 7. Qe2 Nf6 8. c4 Be7 9. Nd2 O-O 10. O-O Bb7 11. b3 a5 12. Bb2 a4 13. Rad1 axb3 14. axb3 Ra2 15. Nf3 Qb6 16. Bb1 Raa8 17. e5 Nd7 18. Qc2 g6 19. Rfe1 Rfb8 20. Bd4 c5 21. Be3 d4 22. Bg5 Bxf3 23. Bxe7 Bxd1 24. Qxd1 Qxb3 25. Bc2 Qxc4 26. Be4 Ra2 27. Bd6 Rbb2 28. Rf1 Rd2 0-1


[Site "https://www.chess.com"]

[Event "Titled Tuesday Blitz April 4 Early 2023"]
[White "Milikow, Yoav"]
[Black "Sargissyan, Sargis"]
[WhiteFideId "2822237"]
[BlackFideId "13303210"]
[WhiteElo "2410"]
[BlackElo "2109"]
[Result "1-0"]
[Round "01"]
[TimeControl "180+2"]
[Date "2023.04.04"]
[WhiteClock "0:00:58"]
[BlackClock "0:00:05"]

1. c4 Nf6 2. Nc3 g6 3. d4 Bg7 4. e4 O-O 5. Be2 d6 6. Be3 c5 7. d5 e6 8. Nf3 exd5 9. cxd5 b5 10. e5 dxe5 11. Bxc5 Re8 12. Bxb5 e4 13. Nd4 e3 14. O-O exf2+ 15. Rxf2 Ng4 16. Bxe8 Nxf2 17. Bxf7+ Kxf7 18. Qf3+ Kg8 19. Qxf2 Na6 20. Nc6 Qd7 21. Bd4 Bb7 22. Bxg7 Qxg7 23. Re1 Rf8 24. Qxa7 Qf6 25. Ne4 Qxb2 26. h3 Bxc6 27. dxc6 Qb4 28. Re3 Qb1+ 29. Kh2 Qc1 30. Re2 Qxc6 31. Ng5 Qd6+ 32. g3 Nc5 33. Qxh7# 1-0


[Site "https://www.chess.com"]